 Dungeon Crawl Stone Soup version 0.25-a0-890-g62861fb (webtiles) character file.

Game seed: 1352932922748568104, levelgen mode: deterministic

36 Faca the Skirmisher (level 3, -5/42 HPs)
             Began as an Ogre Fighter on May 11, 2020.
             Slain by a hornet zombie (6 damage)
             ... on level 3 of the Dungeon.
             The game lasted 00:02:08 (1124 turns).

Faca the Skirmisher (Ogre Fighter)                  Turns: 1124, Time: 00:02:08

Health: -5/42      AC:  4    Str: 21    XL:     3   Next: 37%
Magic:  3/3        EV:  7    Int:  9    God:
Gold:   50         SH:  8    Dex:  8    Spells: 2/2 levels left

rFire    . . .     SeeInvis .   a - +0 trident
rCold    . . .     Gourm    .   c - +0 kite shield
rNeg     . . .     Faith    .   b - +0 robe
rPois    .         Spirit   .   (helmet restricted)
rElec    .         Reflect  .   g - +0 cloak
rCorr    .         Harm     .   (gloves unavailable)
MR       .....                  (boots unavailable)
Stlth    +.........             k - amulet of the acrobat
HPRegen  0.14/turn              (no ring)
MPRegen  0.08/turn              (no ring)

@: lethally poisoned (-5 -> -9), hasted, drained, very quick
A: large, unfitting armour, tough skin 1
a: no special abilities


You were on level 3 of the Dungeon.
You were not hungry.

You visited 1 branch of the dungeon, and saw 3 of its levels.

You collected 50 gold pieces.

Inventory:

Hand Weapons
 a - a +0 trident (weapon)
Armour
 b - a +0 robe (worn)
 c - a +0 kite shield (worn)
 g - a +0 cloak (worn)
Jewellery
 e - an uncursed ring of fire
 k - an amulet of the acrobat (around neck)
Scrolls
 i - a scroll of magic mapping
 j - a scroll of amnesia {unknown}
 l - a scroll of identify
Potions
 d - a potion of might
 h - a potion of haste
Comestibles
 f - 3 rations


   Skills:
 + Level 5.0(4.3) Fighting
 + Level 2.9(2.3) Polearms
 - Level 2.6(2.0) Dodging
 - Level 2.6(2.0) Shields


You had 2 spell levels left.
You didn't know any spells.
Your spell library was empty.

Dungeon Overview and Level Annotations

Branches:
Dungeon (2/15)

Altars:

Annotations:
D:3 Ijyb


Innate Abilities, Weirdness & Mutations

You are too large for most types of armour.
You have tough skin. (AC +1)


Message History

You closely miss the hornet zombie. You block the hornet zombie's attack.
You closely miss the hornet zombie.
You feel sick. The hornet zombie closely misses you.
You closely miss the hornet zombie.
You feel sick. The hornet zombie hits you!
* * * LOW HITPOINT WARNING * * *
You closely miss the hornet zombie. The hornet zombie hits you.
* * * LOW HITPOINT WARNING * * *
You puncture the hornet zombie!
The hornet zombie is moderately damaged.
You feel sick. The hornet zombie hits you!
* * * LOW HITPOINT WARNING * * *
Okay, then.
You puncture the hornet zombie!
The hornet zombie is moderately damaged.
The hornet zombie barely misses you. You block the hornet zombie's attack.
You hit the hornet zombie but do no damage.
The hornet zombie is moderately damaged.
* * * LOW HITPOINT WARNING * * *
You feel sick. The hornet zombie hits you.
You die...

# # # # # ## .#
########## .#
#.....@Z.# .#
#.######.....#
.##########.#####
...###
.##.............#
.###
#)#.#######.###.#
.. ##..#.........
.. #....# #.....
.## #.####
#####..... #.##
##


You could see a hornet zombie.

Vanquished Creatures
  An adder (D:3)
  A worm (D:3)
  3 giant cockroaches
  2 goblins (D:1)
  2 hobgoblins (D:3)
  2 jackals (D:1)
  A ball python (D:1)
  3 bats
  4 kobolds
  6 rats
25 creatures vanquished.

Notes
Turn   | Place    | Note
-------+----------+-------------------------------------------
     0 | D:1      | Faca the Ogre Fighter began the quest for the Orb.
     0 | D:1      | Reached XP level 1. HP: 24/24 MP: 1/1
   206 | D:1      | Reached XP level 2. HP: 23/33 MP: 2/2
   741 | D:2      | You fall into a shaft and drop 1 floor!
  1069 | D:3      | Reached XP level 3. HP: 37/41 MP: 3/3
  1088 | D:3      | Noticed Ijyb
  1115 | D:3      | Reached skill level 5 in Fighting
  1122 | D:3      | HP: 1/42 [hornet zombie (8)]
  1124 | D:3      | Slain by a hornet zombie

Levels and vault maps discovered:
D:1:      dpeg_arrival_concentric_ovals, layout_rooms
D:2:      layout_basic, lemuel_zombie_altar_kikubaaqudgha, uniq_sigmund,
          uniq_jessica
D:3:      layout_loops_ring, grunt_temple_overflow_gold_and_silver,
          minmay_misc_feat_x, uniq_ijyb

Skill      XL: |  1  2  3 |
---------------+----------+-----
Fighting       | 5 |  5.0
Polearms       | |  2.9
Dodging        | |  2.6
Shields        | |  2.6

Action                   || total
-------------------------++-------
Melee: Trident           ||   151
  Use: Scroll            ||     5
       Potion            ||     1
  Eat: Chunk             ||     1
Armor: Robe              ||    41
Dodge: Dodged            ||    46
Block: Kite shield       ||    55

Table legend:
 A = Non-vault XP
 B = Vault XP
 C = Vault XP percentage of total XP
 D = Non-vault monster count
 E = Vault monster count
 F = Vault count percentage of total count
                 A         B        C        D         E       F
            +---------+---------+-------+---------+---------+-------
      Total |      52 |       0 |   0.0 |      25 |       0 |   0.0
            +---------+---------+-------+---------+---------+-------
        D:1 |      17 |       0 |   0.0 |      12 |       0 |   0.0
        D:3 |      35 |       0 |   0.0 |      13 |       0 |   0.0
            +---------+---------+-------+---------+---------+-------
